[Event "*** Titled Tuesday Blitz"]
[Site "Chess.com"]
[Date "2021.03.30"]
[Round "1"]
[White "GiorgianBarbosa"]
[Black "chessdjw"]
[Result "0-1"]
[WhiteElo "2410"]
[BlackElo "2768"]
[TimeControl "180+1"]
[EndTime "10:08:52 PDT"]
[Termination "chessdjw won by checkmate"]

1. d4 Nf6 2. c4 g6 3. Nf3 Bg7 4. g3 O-O 5. Bg2 d5 6. cxd5 Nxd5 7. O-O Nc6 8. e4 Nb6 9. d5 Na5 10. Nc3 c6 11. Bg5 cxd5 12. exd5 h6 13. Bf4 Nac4 14.
Qb3 g5 15. Bc1 Bf5 16. a4 Rc8 17. a5 Nxd5 18. Rd1 e6 19. Nxd5 exd5 20. Qxb7 Be4 21. Qxa7 Ra8 22. Qc5 Rxa5 23. Rxa5 Nxa5 24. Nd4 Qa8 25.
Bxe4 dxe4 26. Nf5 Nb3 27. Qc2 Nxc1 28. Rxc1 Re8 29. Qc4 Bf8 30. b4 Qb7 31. b5 Re5 32. Ne3 Rc5 33. Qf1 Rxb5 34. Rd1 Qb6 35. Rd5 Rb1 36.
Rd1 Rb2 37. Nc4 Qb4 38. Nxb2 Qxb2 39. Re1 Qd4 40. Re2 Bc5 41. Kg2 Kg7 42. Qe1 f5 43. Qd2 Qxd2 44. Rxd2 Be7 45. Rc2 Bf6 46. Rc6 Kg6 47.
Ra6 g4 48. h3 h5 49. h4 Kf7 50. Kf1 Be5 51. Ke2 Bf6 52. Rc6 Bd4 53. Rh6 Bf6 54. Rxh5 Kg6 55. Rg5+ Bxg5 56. hxg5 Kxg5 57. Ke3 Kg6 58.
Kd4 Kf6 59. Kd5 Kg6 60. Ke6 f4 61. gxf4 g3 62. f5+ Kg5 63. fxg3 e3 64. f6 e2 65.
f7 e1=Q+ 66. Kd7 Qb4 67. Ke8 Qb8+ 68. Ke7 Qc7+ 69. Ke8 Qe5+ 70. Kf8 Kg6 71. Kg8 Qg7# 0-1

[Event "*** Titled Tuesday Blitz"]
[Site "Chess.com"]
[Date "2021.03.30"]
[Round "1"]
[White "BJthechessgod"]
[Black "klimkoj"]
[Result "1-0"]
[WhiteElo "2319"]
[BlackElo "2584"]
[TimeControl "180+1"]
[EndTime "10:08:52 PDT"]
[Termination "BJthechessgod won by resignation"]

1. e4 c5 2. Nf3 d6 3. d4 cxd4 4. Nxd4 Nf6 5. Nc3 a6 6. Bc4 e6 7. Bb3 b5 8. Be3 Be7 9. O-O O-O 10. f3 Bb7 11. Re1 Nbd7 12. Qd2 Rc8 13. a3 Ne5 14. Rad1 Nc4 15. Bxc4 Rxc4 16. Nb3 Rc8 17. Qf2 Nd7 18. f4 Qc7 19. Bd4 Rfd8 20. f5 e5 21. Be3 Re8 22. g4 Qd8 23. Qg2 Nb6 24. Na5 Ba8 25. g5 Nc4 26. Nxc4 Rxc4 27. f6 Bf8 28. Rf1 Qd7 29.
Nd5 Bxd5 30. Rxd5 Rec8 31. c3 g6 32. h4 a5 33. Rfd1 b4 34. axb4 axb4 35. Rxe5 bxc3 36. bxc3 Rxc3 37. Bf2 Rc1 38. Rd5 Qa4 39. Qf3 R8c3 40. Qe2 R3c2 41. Qf3 Rxd1+ 42. Rxd1 Rc4 43. Re1 Qb4 44.
Kg2 Qd2 45. Re2 Qd1 46. Qe3 Qa4 47. Kf3 Qd7 48. Kg3 d5 49. Rd2 Qe6 50. exd5 Bd6+ 51. Kg2 Qg4+ 52. Bg3 Bc5 53. Qe8+ Bf8 54. Rf2 Re4 55.
Qd8 Re3 56. Qc7 h5 57. Qf4 Rd3 58. Qxg4 hxg4 59. d6 Bxd6 60. Bxd6 Rxd6 61. Re2 Rd3 62. Re8+ Kh7 63. Rf8 Rd7 64. Kg3 Ra7 65. Kxg4 Rb7 66. Kg3 Ra7 67. Kf4 Rb7 68. Ke5 Ra7 69. Kd6 Rb7 70.
Kc6 Ra7 71. Kc5 Rc7+ 72. Kd6 Ra7 73. Kc6 Ra6+ 74. Kb7 Ra4 75. Rxf7+ Kh8 76. Rg7 Rxh4 77. Rxg6 Rh5 78. Rh6+ Rxh6 79. gxh6 Kg8 80. Kc7 Kh7 81. f7 1-0

[Event "*** Titled Tuesday Blitz"]
[Site "Chess.com"]
[Date "2021.03.30"]
[Round "1"]
[White "Treacherous_horse64"]
[Black "wonderfultime"]
[Result "0-1"]
[WhiteElo "2471"]
[BlackElo "2983"]
[TimeControl "180+1"]
[EndTime "10:08:54 PDT"]
[Termination "wonderfultime won by checkmate"]

1. d4 Nf6 2. c4 Nc6 3. Nf3 e6 4. a3 g6 5. g3 Bg7 6. Bg2 O-O 7. O-O d6 8. Nc3 a5 9. e4 h6 10. Re1 Nd7 11. Be3 Kh7 12. Qd2 a4 13. Rad1 Na5 14. Qd3 Nb6 15. Nd2 Qe8 16. f4 Bd7 17.
Kh1 Rd8 18. Rf1 f5 19. e5 dxe5 20. fxe5 Bc6 21. d5 exd5 22. cxd5 Qxe5 23. Bxb6 cxb6 24. Nf3 Qf6 25. Qc2 Bd7 26. Nxa4 Rc8 27. Nc3 Nc4 28.
Rd3 Rfe8 29. Qb3 Ne3 30. Rf2 Nxg2 31. Kxg2 Qd6 32. Nd4 Qc5 33. Ne6 Bxe6 34. dxe6 Qc6+ 35. Rff3 Rxe6 36. Qd5 Bxc3 37. bxc3 Re2+ 38. Kh3 Re7 39.
Qd4 h5 40. Rfe3 Rce8 41. Rxe7+ Rxe7 42. Rd2 Qc8 43. Kg2 Qc6+ 44. Kh3 Qe6 45. Qf4 b5 46. Rd6 Qf7 47. Qg5 Rd7 48. Rf6 Qg7 49. Rb6 Rc7 50.
Rxb5 f4 51. Qxf4 Qd7+ 52. Kg2 Qc6+ 53. Kh3 Qd7+ 54. Kg2 Rxc3 55. Rb2 Rxa3 56. Qb4 Qc6+ 57. Kh3 Qd7+ 58. Kg2 Ra7 59. Re2 b5 60. Qc5 Rb7 61. Qg5 b4 62. Rf2 b3 63. Qe5 Qc6+ 64. Kh3 Qc8+ 65. Kg2 Qc6+ 66. Kh3 Qd7+ 67. Kh4 Rb5 68. Qb2 Qg4# 0-1

[Event "*** Titled Tuesday Blitz"]
[Site "Chess.com"]
[Date "2021.03.30"]
[Round "1"]
[White "NishaOnYoutube"]
[Black "WanderingPuppet"]
[Result "0-1"]
[WhiteElo "2169"]
[BlackElo "2515"]
[TimeControl "180+1"]
[EndTime "10:08:58 PDT"]
[Termination "WanderingPuppet won by checkmate"]

1. e4 c5 2. c3 d5 3. exd5 Nf6 4. Qa4+ Nbd7 5. Qb3 Nb6 6. Bb5+ Bd7 7. c4 g6 8. Nf3 Bg7 9. O-O O-O 10. Bxd7 Qxd7 11.
Nc3 Rfe8 12. d3 e6 13. Ne5 Qd8 14. dxe6 Rxe6 15. f4 Nfd7 16. Nxd7 Qxd7 17. Ne4 Rd8 18. Kh1 Rc6 19. Rd1 f5 20. Ng5 Qd4 21.
Nf3 Qf2 22. Bd2 Qe2 23. Ba5 Qe3 24. Re1 Qxf4 25. Rad1 h6 26. a3 Rd7 27. Bc3 Rcd6 28. Bxg7 Kxg7 29. Qc3+ Kh7 30. Re8 Rg7 31. Qe5 Qxe5 32.
Nxe5 Nd7 33. Kg1 Nxe5 34. Rxe5 b6 35. Rd2 Rgd7 36. Re3 Kg7 37. g3 g5 38. Kf2 Kf6 39.
Rf3 Rd4 40. Re3 Rxc4 41. Ke2 Rcd4 42. b3 a6 43. Re8 R4d6 44. Rh8 Kg7 45. Ra8 a5 46.
Rb8 Re6+ 47. Kd1 Red6 48. Kc2 Re6 49. Rc8 Rde7 50. Rb8 Kf6 51. a4 f4 52. Kc3 f3 53.
Rf2 g4 54. h3 h5 55. hxg4 hxg4 56. Kc4 Re2 57. Rf1 Kg6 58. Rxb6+ Kg5 59. Rd6 R7e5 60. Rd5 Rc2+ 61. Kb5 Rxd5 62. Kb6 Rxd3 63. Kb5 f2 64. Kxa5 Re3 65. Ka6 Re1 66. Rxf2 Rxf2 67. a5 Ra2 68. Ka7 Rea1 69. a6 Rxa6+ 70. Kb7 R6a5 71. Kc7 Rb5 72. Kd7 Rxb3 73. Ke7 Rxg3 74. Ke8 Rf3 75. Kd7 Raf1 76. Kd8 c4 77. Kd7 c3 78. Kc7 c2 79.
Kb6 c1=Q 80. Kb5 R1f2 81. Kb4 Rb2+ 82. Ka5 Qa1# 0-1

[Event "*** Titled Tuesday Blitz"]
[Site "Chess.com"]
[Date "2021.03.30"]
[Round "1"]
[White "xberli"]
[Black "novocane"]
[Result "0-1"]
[WhiteElo "2524"]
[BlackElo "2235"]
[TimeControl "180+1"]
[EndTime "10:09:00 PDT"]
[Termination "novocane won by checkmate"]

1. d4 Nf6 2. Nc3 d5 3. Bf4 a6 4.
e3 c5 5. h3 Nc6 6. Nge2 Bf5 7.
g4 Bg6 8. Bg2 e6 9. Qd2 Bd6 10. g5 Nh5 11. Bxd6 Qxd6 12. O-O-O O-O 13. Bf3 Rfc8 14. Rdg1 b5 15. dxc5 Qxc5 16. Bxh5 Bxh5 17. Nf4 Bg6 18. Nxg6 hxg6 19. Kb1 Ne5 20. Qd4 Qxd4 21. exd4 Nf3 22. Rd1 Rc4 23. Ne2 Nxg5 24. c3 Rb8 25. a3 a5 26. f4 Ne4 27. Rhf1 b4 28. cxb4 axb4 29. a4 b3 30. Rd3 Rxa4 31. Nc3 Nxc3+ 32.
Rxc3 Rxd4 33. Kc1 Rc4 34. Kd2 Rbb4 35. Rxc4 Rxc4 36. Kd3 Rc2 37. Rb1 Rh2 38. Kd4 Rxh3 39. Rc1 Rf3 40. Rc8+ Kh7 41. Rb8 Rxf4+ 42. Ke3 Re4+ 43.
Kd3 g5 44. Rxb3 g4 45. Kd2 Kg6 46. Rg3 f5 47. Rg1 Kf6 48. Rb1 Rb4 49. Kc3 Rb8 50. b4 e5 51. b5 d4+ 52. Kd3 g3 53. b6 f4 54. Ke4 g2 55. Kf3 g5 56. Kxg2 Kf5 57. b7 g4 58. Kf2 d3 59. Ke1 g3 60.
Kd2 e4 61. Rb5+ Kg4 62. Rb4 Kf3 63. Rb1 g2 64. Rc1 Rxb7 65. Rd1 Rb2+ 66. Kc3 Re2 67. Kd4 Kf2 68. Ke5 g1=Q 69. Rd2 Rxd2 70. Kxf4 Re2 71.
Ke5 d2 72. Kd4 d1=Q+ 73. Kc4 Re1 74. Kc3 Qg3+ 75. Kc4 Qgd3+ 76. Kb4 Q1b1+ 77. Kc5 Rc1# 0-1

[Event "*** Titled Tuesday Blitz"]
[Site "Chess.com"]
[Date "2021.03.30"]
[Round "1"]
[White "Magila31"]
[Black "arminmusovic"]
[Result "0-1"]
[WhiteElo "2270"]
[BlackElo "2570"]
[TimeControl "180+1"]
[EndTime "10:09:01 PDT"]
[Termination "arminmusovic won on time"]

1. d4 d5 2. c4 c5 3. cxd5 e6 4. Nf3 exd5 5. g3 Nc6 6. Bg2 Nf6 7. O-O Be7 8. Nc3 O-O 9. dxc5 h6 10. b3 Bxc5 11. Na4 Be7 12. Bb2 Bg4 13. Rc1 Re8 14. Nc5 Qb6 15. Nd3 Ne4 16. Nf4 Nxf2 17. Rxf2 Bc5 18. Rxc5 Qxc5 19. Nd4 Rad8 20. h3 Bc8 21. Qd2 Ne7 22. e3 a6 23. Kh2 Nc6 24. Nxc6 bxc6 25.
Qd4 Qxd4 26. Bxd4 a5 27. Rc2 Bb7 28. Nd3 Ra8 29. Nc5 Bc8 30. Na4 Bb7 31. g4 f6 32.
Kg3 Kh8 33. Kf2 Re7 34. Bf3 Kg8 35. Rc1 Ree8 36. Nc5 Bc8 37. Nd3 Bd7 38. Nf4 Rec8 39. Nd3 Kh8 40. Nc5 Be8 41. Nb7 Rcb8 42. Nd6 Bd7 43. Nf5 Bxf5 44. gxf5 a4 45. Rxc6 axb3 46. axb3 Rxb3 47. Bxd5 Rbb8 48. Rb6 Rxb6 49. Bxb6 Ra6 50.
Bd4 Ra5 51. Be6 Kh7 52. Kf3 Rb5 53. Kf4 Rb4 54. Bf7 Ra4 55. Kf3 Ra3 56. h4 Rd3 57. Ke4 Rd1 58. h5 Rb1 59. Kd5 Rf1 60. e4 Rd1 61. e5 fxe5 62. Kxe5 Re1+ 63. Kd5 Rd1 64. Ke4 Re1+ 65. Kf4 Rd1 66. Be5 Rf1+ 67. Ke4 Re1+ 68.
Kd4 Rd1+ 69. Ke4 Rf1 70. Kd5 Kh8 71. Ke6 Kh7 72. f6 gxf6 73. Bxf6 Rf2 74. Bg6+ Kg8 75. Bf7+ Kf8 76. Bg6 Re2+ 77. Be5 Kg8 78. Kf6 Rf2+ 79. Ke6 Kf8 80. Bf6 Ra2 81. Be5 Re2 82. Kf5 Ke7 83.
Bf4 Ra2 84. Bxh6 Ra5+ 85. Kg4 Kf6 86. Bf4 Ra4 87. Bf5 Ra8 88. Bg5+ Ke5 0-1

[Event "*** Titled Tuesday Blitz"]
[Site "Chess.com"]
[Date "2021.03.30"]
[Round "1"]
[White "sakkikuska"]
[Black "FairChess_on_YouTube"]
[Result "1/2-1/2"]
[WhiteElo "2480"]
[BlackElo "3003"]
[TimeControl "180+1"]
[EndTime "10:09:15 PDT"]
[Termination "Game drawn - insufficient material"]

1. e4 c5 2. Nf3 d6 3. d4 cxd4 4. Nxd4 Nf6 5. f3 e5 6. Nb3 Be7 7. c4 O-O 8. Nc3 a5 9. Be3 a4 10. Nd2 Qa5 11. Bd3 a3 12. Nb3 Qd8 13. bxa3 Be6 14.
O-O Nc6 15. Nb5 Qb8 16. Qe2 Rc8 17. Rab1 h6 18. Rfd1 Nd7 19. Qf2 Ra4 20. Rdc1 Qa8 21. c5 dxc5 22. Nxc5 Nxc5 23. Bxc5 Bxc5 24. Rxc5 Nd4 25.
Rxc8+ Qxc8 26. Nxd4 Rxd4 27. Bb5 Qc3 28. h3 Rd2 29.
Qe1 Qc5+ 30. Kh1 Rxa2 31. a4 Kh7 32. Bd3 b6 33. Ra1 Rb2 34. Rb1 Ra2 35. Ra1 Qa5 36. Bb5 g5 37. Kh2 Qxe1 38. Rxe1 h5 39. Rb1 Kg6 40.
Bc6 g4 41. hxg4 hxg4 42. Kg3 Kg5 43. Rxb6 gxf3 44. gxf3 Bc4 45. Bb5 Bb3 46. Rc6 Bxa4 47. Bxa4 Rxa4 48. Rc5 f6 49. Rc8 Kg6 50. Rc7 Rb4 51. Rc6 Ra4 52. Rb6 Ra5 53. Rc6 Ra7 54. Rc3 Rg7 55. f4 Kh5+ 56. Kf3 Kh4 57. Rc6 Rg3+ 58.
Kf2 exf4 59. Rxf6 Kg5 60. Rf8 Re3 61. Rg8+ Kf6 62. Rf8+ Ke5 63. Re8+ Kd4 64. Rd8+ Kxe4 65. Re8+ Kd3 66. Rd8+ Kc2 67. Rc8+ Kd2 68. Rd8+ Kc3 69. Rc8+ Kd4 70. Rd8+ Kc5 71. Rf8 Re4 72. Kf3 Rc4 73.
Rxf4 Rxf4+ 74. Kxf4 1/2-1/2

[Event "*** Titled Tuesday Blitz"]
[Site "Chess.com"]
[Date "2021.03.30"]
[Round "1"]
[White "Jospem"]
[Black "adriangschnitzer"]
[Result "0-1"]
[WhiteElo "2948"]
[BlackElo "2492"]
[TimeControl "180+1"]
[EndTime "10:09:20 PDT"]
[Termination "adriangschnitzer won by resignation"]

1. e4 c5 2. Nf3 Nc6 3. Bc4 g6 4. Nc3 Bg7 5. d3 e6 6. O-O Nge7 7. a3 a6 8. Ba2 O-O 9. Be3 b6 10. Qd2 d5 11. Bh6 dxe4 12. Nxe4 Bxh6 13. Qxh6 Nf5 14. Qf4 Ncd4 15. Nxd4 Nxd4 16. Qd2 Bb7 17. Rae1 Rc8 18. c3 Bxe4 19. Rxe4 Nf5 20. Rd1 Qd6 21. g3 Rfd8 22. Ree1 Rc7 23. Qe2 Rcd7 24. Bb1 Qc7 25. Qf3 Rd6 26.
Rc1 b5 27. b4 a5 28. Qf4 Rc6 29. Qxc7 Rxc7 30. bxc5 Rxc5 31. d4 Rc7 32. Bd3 Rdc8 33.
Bxb5 Nxd4 34. Ba6 Nf3+ 35. Kf1 Ra8 36. Re3 Nxh2+ 37. Kg2 Ng4 38. Re4 Nf6 39. Rc4 Rxc4 40. Bxc4 Rc8 41. Ba6 Rc6 42. Bb5 Rc5 43. c4 Kf8 44.
Kf3 Ke7 45. Ke3 e5 46. a4 Nd5+ 47. Kd2 Nb6 48. Kc3 f5 49. Rh1 Nd5+ 50. Kd3 Nf6 51. f3 h5 52. Ke3 Ke6 53. Rd1 e4 54. Rd8 exf3 55. Kxf3 Ne4 56. Ra8 Nd6 57. Rxa5 Nxc4 58. Ra6+ Nd6 59. Bd3 Ke5 60. a5 g5 61. Ra8 g4+ 62.
Ke3 Rc3 63. a6 Ra3 64. Rh8 Nc4+ 65. Ke2 Ra2+ 66. Ke1 Kd4 67. Rd8+ Kc3 68. Bxf5 Rxa6 69. Rd3+ Kb4 70. Rd8 Ra1+ 71. Ke2 Ra2+ 72. Ke1 Ne3 73. Bg6 Kc5 74. Bxh5 Ng2+ 75. Kf1 Ne3+ 76. Ke1 Ng2+ 77. Kd1 Ne3+ 78. Kc1 Rc2+ 79. Kb1 Rg2 80. Rd3 Rxg3 81. Bxg4 Rg1+ 82. Bd1 Nxd1 83. Kc2 Nf2 84. Rd8 Ne4 85. Kd3 Rd1+ 86. Ke3 Rxd8 0-1

[Event "*** Titled Tuesday Blitz"]
[Site "Chess.com"]
[Date "2021.03.30"]
[Round "1"]
[White "alexrustemov"]
[Black "Bacyanide"]
[Result "1/2-1/2"]
[WhiteElo "2722"]
[BlackElo "2404"]
[TimeControl "180+1"]
[EndTime "10:09:21 PDT"]
[Termination "Game drawn - insufficient material"]

1. d4 Nf6 2. c4 e6 3. Nf3 d5 4. Nc3 c5 5. cxd5 exd5 6. g3 Nc6 7. Bg2 cxd4 8. Nxd4 Bc5 9. Nb3 Bb6 10. O-O d4 11.
Na4 O-O 12. Bg5 Re8 13. Re1 h6 14. Nxb6 axb6 15. Bxf6 Qxf6 16. Bxc6 bxc6 17. Qxd4 Qd8 18. Qc3 c5 19. Rad1 Qc7 20. Nc1 Bb7 21. f3 h5 22. a3 h4 23. Kf2 Ra4 24. Nd3 Qc8 25. Nf4 Rxf4 26. gxf4 Qh3 27. e4 Qxh2+ 28. Ke3 Qg3 29. Kd2 Qxf4+ 30. Qe3 Qf6 31. Kc1 h3 32. Rg1 Bc8 33. Qg5 Qxg5+ 34. Rxg5 Be6 35. Kd2 g6 36. Ke3 Kg7 37. f4 f6 38. Rg3 Kf7 39. Rh1 Bf5 40.
Rgxh3 Bxh3 41. Rxh3 g5 42. fxg5 fxg5 43. Rh7+ Kg6 44.
Rb7 Re6 45. Kf3 Kf6 46. a4 Ke5 47. Ke3 Rh6 48. Re7+ Re6 49. Rg7 Kf6 50. Rb7 Ke5 51.
b3 Rh6 52. Re7+ Kd6 53. Rg7 Rh3+ 54. Kd2 Rg3 55. Rg6+ Ke5 56. Rxb6 Kxe4 57. a5 Rf3 58. a6 Rf8 59. a7 Ra8 60. Rb7 g4 61. Ke2 g3 62.
Rd7 Kf4 63. Kf1 Kf3 64. Kg1 Ke3 65. Kg2 Kf4 66. Rf7+ Kg4 67. Rg7+ Kf4 68. Rc7 Rd8 69. Rf7+ Kg4 70. Rg7+ Kf4 71. Rxg3 Rd2+ 72. Kh3 Ra2 73. Rg7 Ke4 74. Rd7 Ke5 75. Kg4 Ke6 76. Rb7 Kd5 77. Kf5 Kc6 78. Rh7 Kb6 79. Ke5 Rxa7 80. Rxa7 Kxa7 81.
Kd5 Kb6 82. Kc4 Kc6 83. b4 cxb4 84. Kxb4 1/2-1/2

[Event "*** Titled Tuesday Blitz"]
[Site "Chess.com"]
[Date "2021.03.30"]
[Round "1"]
[White "Rozum_Ivan"]
[Black "volkanyirik"]
[Result "1/2-1/2"]
[WhiteElo "2745"]
[BlackElo "2417"]
[TimeControl "180+1"]
[EndTime "10:09:22 PDT"]
[Termination "Game drawn by repetition"]

1. d4 Nf6 2. c4 c5 3. d5 b5 4. cxb5 a6 5. bxa6 Bxa6 6. Nc3 d6 7. Nf3 g6 8. g3 Bg7 9. Bg2 O-O 10.
O-O Nbd7 11. Qc2 Qa5 12. Rd1 Rfb8 13. Rb1 Ng4 14. h3 Nge5 15. Nxe5 Nxe5 16. b3 Nc4 17. Na4 Nb6 18. Bd2 Qb5 19. Nc3 Qd7 20. a4 Bb7 21. e4 c4 22. b4 Nxa4 23. Nxa4 Qxa4 24.
Qxc4 Ba6 25. Qb3 Qxb3 26. Rxb3 Bc4 27. Rbb1 Bd3 28. Rbc1 Ra2 29. Bg5 Be2 30. Rd2 Rxd2 31. Bxd2 Bd4 32. Bf1 Bf3 33. Bd3 Ra8 34. Rb1 Ra3 35.
Bc2 Ra2 36. Rc1 Bb2 37. Rb1 Bd4 38. Rc1 Bb2 39. Re1 Bd4 40. Be3 Bxe3 41. Rxe3 Rxc2 42. Rxf3 Rb2 43. Rc3 Rxb4 44. f3 Kg7 45. g4 Kf6 46.
Kf2 g5 47. Kg3 h6 48. Rc8 Rb1 49. h4 Rg1+ 50. Kf2 Rb1 51. h5 Rb2+ 52. Kg3 Rb1 53. Rh8 Kg7 54. Re8 Kf6 55. Rg8 Rg1+ 56. Kf2 Ra1 57. Rc8 Ra2+ 58. Kg3 Ra1 59. Rc2 Rg1+ 60. Kf2 Ra1 61. Re2 Rh1 62. Kg3 Ra1 63. Re3 Rg1+ 64. Kf2 Rb1 65. Rc3 Rh1 66. Rc8 Rb1 67. Kg3 Kg7 68. Rc7 Kf6 69. Rd7 Rg1+ 70. Kf2 Rb1 71.
Rd8 Rb2+ 72. Kg3 Rb1 73. Rh8 Kg7 74. Re8 Kf6 75. Ra8 Rg1+ 76. Kf2 Rb1 77. Ra2 Rb3 78.
Rc2 Ra3 79. Kg2 Rb3 80. Rf2 Ke5 81. Kg3 Ra3 82. Rc2 Ra1 83. Rc8 Kf6 84. Rh8 Kg7 85.
Re8 Kf6 86. Rh8 Kg7 87. Re8 Kf6 88. Rh8 1/2-1/2

[Event "*** Titled Tuesday Blitz"]
[Site "Chess.com"]
[Date "2021.03.30"]
[Round "1"]
[White "RobertoJBM"]
[Black "smshk35"]
[Result "0-1"]
[WhiteElo "2725"]
[BlackElo "2416"]
[TimeControl "180+1"]
[EndTime "10:09:23 PDT"]
[Termination "smshk35 won on time"]

1. d4 b6 2. e4 Bb7 3. Bd3 g6 4. c4 Bg7 5. Be3 c5 6. Ne2 cxd4 7. Bxd4 Nf6 8. Nbc3 Nc6 9. Be3 Ng4 10. Bf4 O-O 11. Qd2 d6 12. O-O Rc8 13. Rac1 Qd7 14. b3 Rfd8 15. f3 Nge5 16. Bb1 a6 17. Rfd1 e6 18.
Be3 Qc7 19. Na4 b5 20. cxb5 axb5 21. Bb6 Qb8 22. Bxd8 Rxd8 23. Nac3 b4 24. Nb5 Ba6 25. Nbd4 Qb6 26. Rxc6 Nxc6 27. Kh1 Nxd4 28. Nxd4 d5 29.
Nc2 Bc3 30. Qg5 f6 31. Qe3 d4 32. Qf2 e5 33. f4 Rf8 34. Qg3 Qa5 35. Ne1 exf4 36.
Qxf4 Qe5 37. Qf3 f5 38. Qg3 Qxg3 39. hxg3 fxe4 40. Nc2 d3 41. Ne3 Rf2 42. Kg1 Re2 43. Nd5 Re1+ 44. Rxe1 Bxe1 45. Nf6+ Kf8 46. Nxe4 Bc3 47.
Nf2 d2 48. Bc2 Bd4 49. Bd1 Bd3 50. g4 Ke7 51. g3 Kd6 52. Kg2 Bb1 53. Kf3 Bxa2 54.
Ne4+ Ke5 55. Nxd2 Bc3 56. Nc4+ Kd4 57. Nd6 Bb1 58. Nb5+ Kd3 59. Be2+ Kc2 60. Bc4 Kd2 61. Kf4 Kd1 62. Bg8 Bd2+ 63. Kf3 g5 64. Nd4 Bg6 65. Nf5 Bxf5 66. gxf5 h6 67. f6 Bc3 68. f7 Bg7 69.
Bh7 Bf8 70. Be4 Kd2 71. Kg4 Kc3 72. Bd5 Kd4 73. Bc4 Ke5 74. Kh5 Kf6 75. Kg4 Kg6 76. Kf3 Kf6 77. g4 Ke5 78. Ke3 Bc5+ 79. Ke2 Bf8 80.
Kf3 Bc5 81. Bb5 Bf8 82. Be8 Bc5 83. Ke2 Bf8 84. Kd3 Kf4 85. Bd7 Ke5 86. Kc4 Kd6 87. Bc6 Kxc6 0-1

[Event "*** Titled Tuesday Blitz"]
[Site "Chess.com"]
[Date "2021.03.30"]
[Round "1"]
[White "Superfelix"]
[Black "EvgenyT"]
[Result "0-1"]
[WhiteElo "2464"]
[BlackElo "2921"]
[TimeControl "180+1"]
[EndTime "10:09:34 PDT"]
[Termination "EvgenyT won by resignation"]

1. e4 e6 2. d4 d5 3. exd5 exd5 4. Bd3 Nc6 5. Nf3 Bg4 6. c3 Bd6 7. O-O Nge7 8. Nbd2 Qd7 9. Re1 O-O 10. h3 Bf5 11. Qc2 Rfe8 12. Nf1 Bxd3 13. Qxd3 Qf5 14.
Qxf5 Nxf5 15. Bd2 f6 16. g4 Nfe7 17. Nh4 Kf7 18. Ne3 g6 19. Nf3 Bf4 20. Re2 Nc8 21.
Rae1 Nb6 22. b3 Re7 23. Nc2 Bxd2 24. Nxd2 Rxe2 25. Rxe2 Nc8 26. f3 Nd6 27. Kf2 Nb5 28.
Nb1 Rh8 29. a4 Nd6 30. Ne1 h5 31. Kg2 Nd8 32. Nd3 Ne6 33. Nd2 c6 34. Nf1 b6 35.
Ne3 Rd8 36. Kg3 Rh8 37. Kg2 h4 38. Kf2 Rd8 39. Ng2 g5 40. Ne3 Ng7 41. Ra2 Rb8 42. a5 bxa5 43. Nc5 Nb7 44. Nxb7 Rxb7 45. Rxa5 Rxb3 46. Rxa7+ Kg6 47. Rc7 Rxc3 48. Nxd5 Rc2+ 49. Ke3 Ne6 50. Ne7+ Kf7 51. Ra7 Rc3+ 52. Ke4 Ke8 53. Nf5 Nf4 54. Nd6+ Kd8 55. Nf7+ Kc8 56. Nd6+ Kb8 57.
Rb7+ Ka8 58. Rf7 Nxh3 59. Rxf6 Nf4 60. Rh6 h3 61. Kf5 Rxf3 62. Kxg5 Ne2 63. Rh7 Nxd4 64. Nc4 Ne6+ 65. Kh4 h2 66. Nb6+ Kb8 67. Nd7+ Kc8 68.
Nb6+ Kb8 69. Nd7+ Kc8 70. Nb6+ Kd8 71. Rd7+ Ke8 72. Rd1 Nf4 73. Kg5 Nh3+ 74. Kg6 Nf2 75. Re1+ Kd8 76. g5 h1=Q 77. Rxh1 Nxh1 78. Nc4 Ng3 79. Ne5 Rc3 80. Kf6 Ne4+ 81. Kf5 Nxg5 82. Kxg5 Kc7 83. Kf4 Rc5 84. Ke4 Rxe5+ 85. Kxe5 Kb6 86.
Kd4 Kb5 87. Kc3 Kc5 88. Kc2 Kc4 89. Kb1 Kb3 90. Kc1 Kc3 91. Kb1 c5 92. Kc1 c4 93.
Kd1 Kb2 0-1

[Event "*** Titled Tuesday Blitz"]
[Site "Chess.com"]
[Date "2021.03.30"]
[Round "1"]
[White "bsnsun"]
[Black "Sam_ChessMood"]
[Result "1/2-1/2"]
[WhiteElo "2463"]
[BlackElo "2866"]
[TimeControl "180+1"]
[EndTime "10:09:43 PDT"]
[Termination "Game drawn - insufficient material"]

1. Nf3 d5 2. d4 Nf6 3. c4 c6 4.
g3 g6 5. Bg2 Bg7 6. b3 O-O 7.
Bb2 a5 8. Nc3 Bf5 9. Nd2 Qd7 10.
Na4 Qd8 11. Nc3 Na6 12. O-O e6 13. Re1 c5 14. dxc5 Nxc5 15. cxd5 Nxd5 16. Rc1 Nb4 17. a3 Nc6 18. Na4 Nxa4 19. Bxg7 Kxg7 20. bxa4 e5 21.
Nb3 Qe7 22. Nc5 Rfd8 23. Qb3 Rab8 24. e3 h5 25. Qc3 Rbc8 26. Qb2 Rc7 27. h4 Kh7 28.
Ne4 Bxe4 29. Bxe4 Rd6 30. Bg2 e4 31. Rc4 f5 32. Rec1 Rcd7 33. Bf1 Ne5 34. Rc8 Qf6 35. Kg2 Rd2 36. Qc3 Ng4 37. Qxf6 Nxf6 38. R1c2 Ng4 39. Be2 Ne5 40. Kf1 Rxc2 41. Rxc2 Kg7 42. Bb5 Re7 43. Ke2 Kf6 44. Rc8 Nf3 45. Rf8+ Kg7 46. Rc8 Kf6 47.
Rf8+ Ke5 48. Rg8 Rc7 49. Rxg6 Rc2+ 50. Kf1 Rc1+ 51. Kg2 Rg1+ 52. Kh3 Rh1+ 53. Kg2 Rg1+ 54. Kh3 Ra1 55. Rh6 Ra2 56. Kg2 Ne1+ 57. Kf1 Nd3 58.
Rxh5 Rxf2+ 59. Kg1 Rf3 60. g4 Rg3+ 61. Kf1 Rxg4 62. Rxf5+ Kxf5 63. Bd7+ Ke5 64. Bxg4 Nc5 65. Bd1 Kf5 66. Kf2 Nd3+ 67. Kg3 Nb2 68. Bb3 Nd3 69. Bc2 Nc5 70. Kh3 b6 71. Kg3 Nd7 72. h5 Nf6 73.
Kh4 Nd5 74. h6 Nf6 75. Kg3 Kg6 76. Kf4 Kxh6 77. Bxe4 Kg7 78. Ke5 Ng4+ 79. Kd4 Kf6 80. Bf3 Ne5 81. Bd5 Ng4 82. e4 Ne5 83. Bb7 Nf3+ 84.
Kd5 Nd2 85. e5+ Ke7 86. Bc8 Nb1 87. Kc6 Nxa3 88. Kxb6 Nc4+ 89. Kb5 Nxe5 90. Kxa5 Kd6 91. Kb6 Nc4+ 92. Kb5 Na3+ 93. Kb4 Nc2+ 94. Kc3 Ne3 95. Kd4 Nd5 96. a5 Nb4 97. Kc4 Nc6 98. Kb5 Nxa5 1/2-1/2

[Event "*** Titled Tuesday Blitz"]
[Site "Chess.com"]
[Date "2021.03.30"]
[Round "1"]
[White "northridgehawk"]
[Black "juancruzarias"]
[Result "1-0"]
[WhiteElo "2310"]
[BlackElo "2568"]
[TimeControl "180+1"]
[EndTime "10:09:53 PDT"]
[Termination "northridgehawk won by resignation"]

1. e4 c6 2. d4 d5 3. e5 Bf5 4. Nc3 e6 5. g4 Bg6 6. Nge2 c5 7. h4 h5 8. Nf4 Bh7 9. Nxh5 cxd4 10. Nb5 Nc6 11.
Nxd4 Qb6 12. Bb5 Bc5 13. Bxc6+ bxc6 14. c3 Bxd4 15. cxd4 Qb4+ 16. Qd2 Qxd2+ 17. Bxd2 Be4 18. Rh3 g6 19. Ng3 Bf3 20. g5 Bg4 21. Rh2 Ne7 22. Rc1 Kd7 23. Bb4 Nf5 24. Nxf5 Bxf5 25. Kd2 a5 26.
Ba3 Rab8 27. Rc3 Rb5 28. Ke3 Rh5 29. Kf4 Rb8 30. Kg3 Bb1 31. Rc5 Rb5 32. Rc3 Bxa2 33. Rh1 Rh8 34. f4 Bc4 35. Kg4 Be2+ 36. Kg3 a4 37. Rh2 Bc4 38. Kg4 Rb3 39. Rxb3 Bxb3 40. Kg3 Bd1 41. Rd2 Bb3 42. Rh2 Rb8 43. h5 gxh5 44.
Rxh5 Bc2 45. Rh2 Rb3+ 46. Kg2 Be4+ 47. Kg1 Rd3 48. Bc5 Rd1+ 49. Kf2 Kc7 50. Kg3 Rb1 51. Ba3 Rd1 52. Bc5 Rb1 53. Ba3 Kb6 54. Rf2 Kb5 55. Rh2 Kc4 56. Bc5 Kb3 57. Ba3 Bc2 58. Kg4 Bf5+ 59.
Kh5 Rd1 60. Bc5 Bc2 61. Kh6 Kxb2 62. Kg7 Rf1 63. Kxf7 Rxf4+ 64. Kxe6 Rg4 65. Be7 Rf4 66. g6 Rg4 67. Kf6 Rxg6+ 68. Kf7 Rg4 69. Rh3 Bb3 70.
e6 Re4 71. Bf6 a3 72. Be5 a2 73. Rh2+ Bc2 74. Rh1 c5 75. e7 Ba4 76. Rh2+ Kb3 77. Rh3+ Kb4 78. Rh1 cxd4 79. Bd6+ Kb3 80. Rg1 d3 81. Kf6 d2 82. Be5 Re1 83. Rg3+ Kc4 84. Rg4+ Kb5 85. Rxa4 Kc6 86. e8=Q+ Kb7 87. Rb4+ 1-0

[Event "*** Titled Tuesday Blitz"]
[Site "Chess.com"]
[Date "2021.03.30"]
[Round "2"]
[White "1random"]
[Black "Eltaj_Safarli"]
[Result "0-1"]
[WhiteElo "2555"]
[BlackElo "2860"]
[TimeControl "180+1"]
[EndTime "10:11:35 PDT"]
[Termination "Eltaj_Safarli won by resignation"]

1. e4 e5 2. Nf3 Nc6 3. Nc3 Nf6 4. d4 Bb4 5. Nxe5 Bxc3+ 6. bxc3 Qe7 7. Nxc6 Qxe4+ 8.
Qe2 dxc6 9. Qxe4+ Nxe4 10. Bb2 Be6 0-1

[Event "*** Titled Tuesday Blitz"]
[Site "Chess.com"]
[Date "2021.03.30"]
[Round "2"]
[White "ZiggyStardust64"]
[Black "IljaJoke"]
[Result "0-1"]
[WhiteElo "2710"]
[BlackElo "2515"]
[TimeControl "180+1"]
[EndTime "10:12:02 PDT"]
[Termination "IljaJoke won by resignation"]

1. c4 e6 2. Nc3 d5 3. d4 c5 4. cxd5 exd5 5. Nf3 Nf6 6. Bg5 Be6 7. e3 c4 8. b3 Bb4 9. Rc1 Qa5 10. Qd2 Ne4 11.
Nxe4 dxe4 0-1

[Event "*** Titled Tuesday Blitz"]
[Site "Chess.com"]
[Date "2021.03.30"]
[Round "2"]
[White "volkanyirik"]
[Black "DenLaz"]
[Result "0-1"]
[WhiteElo "2415"]
[BlackElo "2839"]
[TimeControl "180+1"]
[EndTime "10:12:04 PDT"]
[Termination "DenLaz won by resignation"]

1. e4 e5 2. Nc3 Nf6 3. Nf3 Nc6 4. d4 exd4 5. Nxd4 Bb4 6. Nxc6 bxc6 7. Bd3 O-O 8. O-O d5 9. exd5 cxd5 10. Bg5 c6 11. Qf3 Bd6 12. h3 Rb8 13. Rab1 Be5 14. Bf4 Qd6 15. Bxe5 Qxe5 16. Rfe1 Qd6 17. b3 Bd7 18. Ne2 c5 19. Qf4 Qxf4 20. Nxf4 a5 21. a4 Rb4 22.
Re7 Rxf4 0-1

[Event "*** Titled Tuesday Blitz"]
[Site "Chess.com"]
[Date "2021.03.30"]
[Round "2"]
[White "Limelight2727"]
[Black "S-Fazulyanov"]
[Result "0-1"]
[WhiteElo "2344"]
[BlackElo "2695"]
[TimeControl "180+1"]
[EndTime "10:12:55 PDT"]
[Termination "S-Fazulyanov won by resignation"]

1. d4 d5 2. c4 c6 3. Nc3 e5 4. cxd5 cxd5 5. e4 dxe4 6. Bb5+ Bd7 7. Qa4 exd4 8. Qxd4 Nf6 9. Bg5 Nc6 10. Bxc6 Bxc6 11. Nge2 Be7 12. O-O O-O 13. Rad1 Qa5 14. b4 Qxg5 0-1